 Seeded DCSS version 0.29.0-11-gd7f09526c8 (webtiles) character file.

Game seed: 3121381558354691732 (custom seed)

490 purpskrrrp the Shield-Bearer (level 7, -1/44 HPs)
             Began as a Gargoyle Fighter on Sept 7, 2022.
             Slain by an orc priest
             ... wielding a +0 whip
              (3 damage)
             ... on level 4 of the Dungeon.
             The game lasted 00:05:00 (2871 turns).

purpskrrrp the Shield-Bearer (Gargoyle Fighter)     Turns: 2871, Time: 00:05:01

Health: -1/44      AC: 16    Str: 27    XL:     7   Next: 14%
Magic:  7/7        EV: 10    Int:  9    God:
Gold:   1985       SH:  4    Dex:  9    Spells: 6/6 levels left

rFire   . . .      SeeInvis .   a - +2 war axe
rCold   . . .      Faith    .   c - +0 buckler
rNeg    + . .      Spirit   .   b - +0 scale mail
rPois   ∞          Reflect  .   u - +0 helmet
rElec   +          Harm     .   (no cloak)
rCorr   .          Rampage  .   l - +2 pair of gloves of Anapontaeh {Slay+3}
Will    .....                   (no boots)
Stlth   ..........              (no amulet)
HPRegen 0.14/turn               g - +6 ring of strength
MPRegen 0.10/turn               (no ring)

@: no status effects
A: sickness immunity, AC +4, negative energy resistance 1, electricity
resistance, torment resistance 1, petrification resistance
a: no special abilities


You were on level 4 of the Dungeon.
You visited 1 branch of the dungeon, and saw 4 of its levels.

You collected 1985 gold pieces.

Inventory:

Hand Weapons
 a - a +2 war axe (weapon)
Missiles
 h - 3 throwing nets (quivered)
Armour
 b - a +0 scale mail (worn)
 c - a +0 buckler (worn)
 l - the +2 pair of gloves of Anapontaeh (worn) {Slay+3}
   (You acquired it on level 1 of the Dungeon)

   Slay:      It affects your accuracy & damage with ranged weapons and melee
   (+3).
 u - a +0 helmet (worn)
Jewellery
 g - a +6 ring of strength (left hand)
 p - a ring of see invisible
 q - an amulet of reflection
 s - a ring of positive energy
Scrolls
 e - 3 scrolls of noise {unknown}
 f - 3 scrolls of amnesia
 t - 2 scrolls of identify
 x - a scroll of vulnerability {unknown}
 y - 2 scrolls of teleportation
 z - a scroll of magic mapping
Potions
 d - a potion of might
 i - a potion of brilliance {unknown}
 j - a potion of flight {unknown}
 k - a potion of magic
 m - a potion of curing {unknown}
 n - a potion of cancellation {unknown}
 o - a potion of invisibility {unknown}
 r - a potion of heal wounds
 v - a potion of attraction {unknown}
 w - a potion of ambrosia {unknown}


   Skills:
 + Level 4.7 Fighting
 * Level 4.0 Axes
 + Level 4.7 Armour
 + Level 1.7 Dodging
 + Level 4.8 Shields


You had 6 spell levels left.
You didn't know any spells.
Your spell library contained the following spells:

 Spells                   Type           Power      Damage    Failure   Level
 Sting                    Tmut/Pois      0%         1d3       75%         1
 Petrify                  Tmut/Erth      0%         N/A       100%        4
 Irradiate                Conj/Tmut      0%         3d11      100%        5
 Sublimation of Blood     Necr           Unusable   N/A       N/A         2

Dungeon Overview and Level Annotations

Branches:
Dungeon (4/15)
 Temple: D:4-7

Altars:
Okawaru
Trog

Shops:
D:3 *


Innate Abilities, Weirdness & Mutations

You are immune to sickness and miasma.
Your stone body is resilient. (AC +4)
You are immune to poison.
You resist negative energy. (rN+)
You are resistant to electric shocks. (rElec)
You are resistant to unholy torment.
You are immune to petrification.


Message History

You hear some strange, mumbled words.
A puff of flame appears from out of thin air!
The puff of flame hits you but does no damage.
Something hits you but does no damage.
You miss something. Something hits you.
You hit something.
Reactivating autopickup.
You feel a bit more experienced.
The giant cockroach bites you but does no damage.
You hit the giant cockroach but do no damage.
The orc priest calls down the wrath of Beogh upon you.
Beogh smites you!
* * * LOW HITPOINT WARNING * * *
The giant cockroach bites you but does no damage.
The orc priest looks braver for a moment.
You hit the giant cockroach.
You kill the giant cockroach!
You hit the orc.
The orc is severely wounded.
The orc completely misses you.
You hit the orc.
You kill the orc!
The orc priest hits you but does no damage.
You hit the orc priest.
The orc priest is heavily wounded.
The orc priest hits you with a +0 whip.
* * * LOW HITPOINT WARNING * * *
You closely miss the orc priest.
The orc priest is heavily wounded.
You block the orc priest's attack.
You hit the orc priest.
The orc priest is severely wounded.
The orc priest hits you with a +0 whip.
* * * LOW HITPOINT WARNING * * *
The orc priest barely misses you.
You slice the orc priest!!
You kill the orc priest!
Your Axes skill increases to level 4!
You barely miss the orc priest. The orc priest hits you with a +0 whip.
You die...

###.#######.#
....#.....#.#
#####.##.##.#
#.##....####
#..........#
########.#########
#................
#.######.#####.##
#####.##........@o..#
#...#.########.###..#
#...#.# ...# .#
#.....# ##### #
#...### ....# ....#
....# ##..#


You could see an orc priest.

Vanquished Creatures
  Sigmund (D:4)
  2 ogres
  An orc priest (D:4)
  An orc wizard (D:4)
  A gnoll (D:4)
  3 adders (D:2)
  4 worms
  A dart slug (D:3)
  4 orcs
  6 endoplasms
  2 giant cockroaches
  7 goblins
  7 hobgoblins
  10 jackals
  3 kobolds (D:4)
  A quokka (D:4)
  3 ball pythons
  7 bats
  3 frilled lizards
  5 rats
72 creatures vanquished.

Notes
Turn   | Place    | Note
-------+----------+-------------------------------------------
     0 | D:1      | purpskrrrp the Gargoyle Fighter began the quest for the
                  | Orb.
     0 | D:1      | Reached XP level 1. HP: 14/14 MP: 1/1
   157 | D:1      | Found a faded altar of an unknown god.
   161 | D:1      | Got Plato's Secrets of Vitiation
   232 | D:1      | Reached XP level 2. HP: 15/19 MP: 2/2
   369 | D:1      | Identified 3 scrolls of acquirement
   369 | D:1      | Acquired the +2 pair of gloves of Anapontaeh {Slay+3}
   376 | D:1      | Acquired 917 gold pieces
   377 | D:1      | Acquired 815 gold pieces
   709 | D:2      | Reached XP level 3. HP: 20/23 MP: 3/3
   937 | D:2      | Found a bloodstained altar of Trog.
  1259 | D:2      | Reached XP level 4. HP: 23/29 MP: 4/4
  2060 | D:3      | Noticed an ogre
  2066 | D:3      | Killed an ogre
  2067 | D:3      | Reached XP level 5. HP: 33/33 MP: 5/5
  2218 | D:3      | Found Isonomam's Assorted Antiques.
  2326 | D:4      | Noticed Sigmund
  2352 | D:4      | Killed Sigmund
  2353 | D:4      | Reached skill level 1 in Dodging
  2353 | D:4      | Reached XP level 6. HP: 22/39 MP: 6/6
  2759 | D:4      | Found an iron altar of Okawaru.
  2762 | D:4      | Reached XP level 7. HP: 44/44 MP: 7/7
  2869 | D:4      | HP: 2/44 [orc priest/+0 whip (3)]
  2871 | D:4      | Slain by an orc priest

Illustrated notes

Levels and vault maps discovered:
D:1:      minmay_arrival_glassed_features, layout_loops_ring,
          shapermc_ecumenical_altar_rom_forum, nicolae_kite_square_tiling_tiny
D:2:      layout_basic, basic_altar
D:3:      layout_rooms, serial_shops, nicolae_shop_hallway_stairs
D:4:      layout_basic, okawaru_altar_gauntlet_db, dreamdust_gnoll_farm,
          uniq_sigmund, uniq_robin

Skill      XL: |  1  2  3  4  5  6  7 |
---------------+----------------------+-----
Axes           | 2 3 4 |  4.0
Armour         | 4 |  4.7
Shields        | 4 |  4.8
Fighting       | 4 |  4.7
Dodging        | 1 |  1.7

Action                   |  1- 3 |  4- 6 |  7- 9 || total
-------------------------+-------+-------+-------++-------
Melee: War axe           |    80 |    64 |    33 ||   177
Throw: Throwing net      |       |     1 |       ||     1
  Use: Scroll            |     3 |     9 |       ||    12
Armor: Scale mail        |    72 |    37 |    18 ||   127
Dodge: Dodged            |    39 |    19 |    10 ||    68
Block: Buckler           |    20 |     8 |     5 ||    33
